← All builds
Pond / Armada / Economy first / OBSERVED BUILD

Rattlesnake defence

Pond builds pop-up artillery (Gauntlet/Rattlesnake/Agitator) from around 6:17, receiving a light transport from an ally early, to reinforce the front's defensive line.

#defence #artillery · 22 distinct matches · 9 players · 3% of Armada Pond games · team won 36% of 22 · Recently observed

THE CATCH, AND WHAT COMES WITH IT
  • GauntletEarly defence from 6:17 · 2% of role by thenOnly 2% of Pond games have it by then; others who build it get it around 11:30
  • HerculesLight transport from an ally in 59%9% of all Pond games by then

Started with Gauntlet (45%), Rattlesnake (36%), Agitator (14%), Persecutor (5%).

Where those units first fight, in 22 games with kill data: in the middle 91%, on their own side 9%.

Those units destroy a typical 1,042 metal of enemy units by 15:00.

Then transitions into Rattlesnake (23% of army).

HOW TO PLAY IT

Key timing: Gauntlet by 6:17

  1. Open tidals and mex, then wind, skipping extra eco for boost duty.
  2. Drop a bot lab and start pumping units toward front.
  3. Place first Gauntlet to start the static plasma line.
  4. Layer Rattlesnake and Agitator behind Gauntlet to turtle middle.
  5. Add advanced mex and keep receiving light transport from air for support.

Phase by phase

TYPICAL OF ITS 22 GAMES · AGAINST STANDARD POND
  1. 1
  2. 2
  3. 3
PLAY THE OPENING

Follow the example game's first 7:18 step by step: what to build now, what comes next, and where it goes. At 1× it keeps pace with your own game.

  1. 1

    Up to the Early defence

    Economy
    • Metal Extractor4Mex
    • Wind Turbine8Wind−7 vs standard
    • Tidal Generator8Tidalfor allies
    • Tidal Generator1Tidal
    • Energy Storage1Energy storage
    Order
    1. GauntletEarly defence after 4 mex, 8 wind, 2 con turret
    Builders
    • Construction Turret2 Con turret +2 vs standard

    Some games also: converter (36%) · con bot (32%)

    The standard build makes here, this one skips: 2 converter

    By 6:00 in all: 4 mex · 8 wind (standard 15) · 1 tidal · 1 energy storage · 2 con turret (standard 0)

    The example game in this phase · 9 steps
    1. Tidal ×8for Suicide front
    2. Tidal
    3. Mex ×4
    4. Energy storage
    5. Con turret
    6. BeamerBeamer ×2
    7. Dragon's ClawDragon's Claw ×3
    8. Dragon's TeethDragon's Teeth ×3
    9. GauntletGauntletdone 6:01
  2. 2

    Early defence to Bot Lab

    Order
    1. Bot LabBot Lab after 4 mex, 8 wind, 1 tidaldone ~7:19, middle half 4:06–10:04

    Some games also: wind (41%) · con turret (36%)

    The standard build makes here, this one skips: 2 wind

    By 7:00 in all: 4 mex · 17 wind · 1 tidal · 1 energy storage · 2 con turret (standard 0)

    The example game in this phase · 5 steps
    1. Dragon's TeethDragon's Teeth ×8
    2. Con turret
    3. Sneaky PeteSneaky Pete
    4. Dragon's TeethDragon's Teeth ×13
    5. Bot LabBot Labdone 7:23 · typical 7:19
  3. 3

    Bot Lab to 10:00

    Economy
    • Wind Turbine1Wind−11 vs standard

    Some games also: con turret (41%) · Dragon's Teeth (32%)

    By 10:00 in all: 4 mex · 19 wind (standard 31) · 1 tidal · 2 converter (standard 4) · 1 energy storage · 3 con turret

    The example game in this phase · 127 steps
    1. Construction BotCon bot ×2
    2. Con turret
    3. TickTick
    4. Dragon's TeethDragon's Teeth
    5. TickTick
    6. Dragon's TeethDragon's Teeth ×2
    7. TickTick
    8. Dragon's TeethDragon's Teeth
    9. TickTick
    10. Dragon's TeethDragon's Teeth
    11. TickTick
    12. Dragon's TeethDragon's Teeth
    13. TickTick ×2
    14. Dragon's TeethDragon's Teeth
    15. TickTick
    16. Dragon's TeethDragon's Teeth
    17. TickTick
    18. Dragon's TeethDragon's Teeth ×2
    19. TickTick
    20. Dragon's TeethDragon's Teeth ×2
    21. TickTick ×5
    22. PawnPawn
    23. Dragon's TeethDragon's Teeth
    24. PawnPawn ×5
    25. GauntletGauntlet
    26. PawnPawn
    27. Dragon's TeethDragon's Teeth ×3
    28. PawnPawn
    29. Dragon's TeethDragon's Teeth ×5
    30. PawnPawn
    31. Wind
    32. PawnPawn
    33. Advanced Metal ExtractorT2 mexdone 10:23 · typical 9:01
    34. Wind
    35. PawnPawn
    36. Mex
    37. Wind ×7
    38. Dragon's TeethDragon's Teeth ×3
    39. Wind
    40. Dragon's TeethDragon's Teeth ×2
    41. Advanced Metal ExtractorT2 mex
    42. Dragon's TeethDragon's Teeth
    43. Wind
    44. Dragon's TeethDragon's Teeth
    45. Wind ×5
    46. Dragon's TeethDragon's Teeth
    47. Wind
    48. Dragon's TeethDragon's Teeth
    49. Wind
    50. SmugglerJammer bot
    51. Dragon's TeethDragon's Teeth
    52. Wind
    53. Dragon's TeethDragon's Teeth ×2
    54. Wind ×4
    55. Mex
    56. Wind
    57. Advanced Metal ExtractorT2 mex
    58. Wind
    59. Bot LabBot Labdone 11:42
    60. Energy storage
    61. Wind
    62. PawnPawn
    63. Wind
    64. PawnPawn ×3
    65. Wind
    66. PawnPawn
    67. Con turret
    68. PawnPawn
    69. Wind
    70. PawnPawn
    71. Advanced Metal ExtractorT2 mex
    72. PawnPawn ×2
    73. Wind
    74. PawnPawn
    75. Mex
    76. LazarusLazarus
    77. PawnPawn
    78. Wind
    79. PawnPawn ×3
    80. Wind
    81. PawnPawn
    82. Bot LabBot Labdone 13:32
    83. LazarusLazarus
    84. Wind
    85. PawnPawn ×2
    86. Mex
    87. PawnPawn ×2
    88. Mex
    89. PawnPawn
    90. LazarusLazarus ×2
    91. PawnPawn
    92. Con turret
    93. LazarusLazarus
    94. PawnPawn ×2
    95. LazarusLazarus
    96. PawnPawn
    97. Con turret
    98. LazarusLazarus
    99. Wind
    100. PawnPawn
    101. Wind
    102. Con turret
    103. Wind
    104. LazarusLazarus
    105. Wind
    106. LazarusLazarus
    107. Wind ×2
    108. PawnPawn ×2
    109. Wind
    110. PawnPawn ×2
    111. Wind
    112. PawnPawn
    113. LazarusLazarus
    114. Wind
    115. PawnPawn ×2
    116. Wind
    117. PawnPawn ×2
    118. Wind
    119. PawnPawn ×2
    120. Wind
    121. PawnPawn ×3
    122. Wind
    123. PawnPawn ×2
    124. LazarusLazarus
    125. Wind
    126. PawnPawn
    127. Con turret

Counts are medians over the build's games: half of them build more, half fewer. The example game is UsurpeR's (52 OS, 23/08/2026); pick another.

Team trades

IN AT LEAST 30% OF ITS GAMES

You hand over

  • Tidal Generator8 Tidal to Suicide front or Frontfirst at 0:10 · in 95% of games

You get

  • Construction Bot1 Con bot from Geo or Front or Suicide frontfirst at 2:20 · in 36% of games
  • Hercules1 Light transport from Airfirst at 2:52 · in 64% of games
  • Advanced Construction Bot1 T2 con bot from Techfirst at 6:43 · in 86% of games
  • Butler2 Butler from Techfirst at 9:29 · in 32% of games

How it plays out

Typical game of this build against the role’s standard build, running totals by minute

  • This build
  • Standard pond

Metal produced

010k20k
0:005:0010:0015:00

metal

Enemy metal destroyed

02k4k6k
0:005:0010:0015:00

metal

Own metal lost

02k4k6k
0:005:0010:0015:00

metal

22 games.

Show as table
ByMetal produced: This buildMetal produced: Standard pondEnemy metal destroyed: This buildEnemy metal destroyed: Standard pondOwn metal lost: This buildOwn metal lost: Standard pond
1:001151150000
2:002922730000
3:008708170000
4:00153115100000
5:00229622310000
6:003317298527000
7:004122384123648000
8:00530747423011276217148
9:00667756938382025217379
10:00877568729352865697720
11:001017983342065331723641188
12:0012243102902489368424201616
13:0013942125932624426229901966
14:0016092149143497478048022454
15:0019181174564307532448023030
WHAT THE NUMBERS SAY

Team won less than the standard build and this turtle destroyed far less enemy metal by 15:00 despite similar income.

  • + Metal production ahead of standard by 10:00 (8547 vs 6855).
  • + Gets Hercules transport support far earlier than role norm (57% by 2:50 vs 9%).
  • − Own metal lost by 15:00 is much higher than standard (4678 vs 3041).
  • − Enemy metal destroyed by 15:00 far below standard (4208 vs 5316).
THE EXAMPLE YOU ARE READING

UsurpeR

51.7 OS · 23/08/2026

Open source match ↗

37 received units · includes a constructor
412 metal received · 73676 energy received

Allied construction assistance is unknown. Timings are observations, not a promise of solo reproducibility.

Typical milestones

Bot Lab7:19Middle 50%: 4:06–10:04 · n=15
Advanced Metal Extractor9:01Middle 50%: 7:48–10:25 · n=20

Played most by

UsurpeR10games of this build_X_3games of this buildDad_The_Speedrunner2games of this buildHandicapping_mySelf2games of this build[Cookie]Baby_Evis1game of this build